 Dungeon Crawl Stone Soup version 0.29.0-13-gc9e81de378 (webtiles) character file.

Game seed: 12261367885188833398

9345 Iusername the Cleaver (level 11, -7/101 HPs)
             Began as a Minotaur Fighter on Sept 7, 2022.
             Was an Elder of Dithmenos.
             Killed by vampiric draining
             ... invoked by a vampire
              (17 damage)
             ... on level 10 of the Dungeon.
             The game lasted 00:22:57 (14658 turns).

Iusername the Cleaver (Minotaur Fighter)           Turns: 14658, Time: 00:22:57

Health: -7/101     AC: 21    Str: 21    XL:     11   Next: 21%
Magic:  10/10      EV:  7    Int: 11    God:    Dithmenos [****..]
Gold:   598        SH:  0    Dex: 14    Spells: 10/10 levels left

rFire   . . .      SeeInvis .   b - +6 hand axe (protect)
rCold   . . .      Faith    +   c - +0 buckler
rNeg    . . .      Spirit   .   e - +0 plate armour
rPois   .          Reflect  .   (helmet restricted)
rElec   .          Harm     .   y - +0 cloak
rCorr   .          Rampage  .   (no gloves)
Will    .....                   u - +0 pair of boots
Stlth   ..........              J - amulet of faith
HPRegen 0.26/turn               E - +4 ring of protection
MPRegen 0.12/turn               C - +6 ring of intelligence

@: confused, hasted, wreathed by umbra, very quick
A: horns 2, retaliatory headbutt
a: Renounce Religion, Shadow Step


You were on level 10 of the Dungeon.
You worshipped Dithmenos.
Dithmenos was greatly pleased with you.
You visited 2 branches of the dungeon, and saw 11 of its levels.

You collected 598 gold pieces.

Inventory:

Hand Weapons
 b - a +6 hand axe of protection (weapon)
Armour
 c - a +0 buckler (worn)
 e - a +0 plate armour (worn)
 u - a +0 pair of boots (worn)
 y - a +0 cloak (worn)
Jewellery
 j - a ring of resist corrosion
 z - a ring of ice
 B - an amulet of reflection
 C - a +6 ring of intelligence (right hand)
 E - a +4 ring of protection (left hand)
 G - an amulet of guardian spirit
 H - a ring of willpower
 J - an amulet of faith (around neck)
Wands
 a - a wand of mindburst (13)
 d - a wand of digging (7)
 r - a wand of flame (61)
 A - a wand of iceblast (12)
 F - a wand of paralysis (18)
Scrolls
 g - 3 scrolls of teleportation
 l - a scroll of immolation
 n - a scroll of amnesia
 o - 4 scrolls of butterflies
 q - a scroll of fear
Potions
 f - 2 potions of attraction
 h - 2 potions of resistance
 i - a potion of mutation
 k - a potion of curing
 m - a potion of invisibility {unknown}
 p - 3 potions of degeneration
 s - a potion of lignification
 t - 3 potions of flight
 D - 3 potions of brilliance


   Skills:
 + Level 10.8 Fighting
 + Level 14.1 Axes
 - Level 10.0 Armour
 + Level 1.0 Dodging
 + Level 0.9 Stealth
 + Level 8.2 Shields


You had 10 spell levels left.
You didn't know any spells.
Your spell library contained the following spells:

 Spells                   Type           Power      Damage    Failure   Level
 Apportation              Tloc           0%         N/A       100%        1
 Necrotise                Necr           0%         1d4       100%        1
 Sandblast                Erth           0%         2d4       100%        1
 Summon Small Mammal      Summ           0%         N/A       100%        1
 Ensorcelled Hibernation  Hex/Ice        0%         N/A       100%        2
 Passwall                 Tmut/Erth      0%         N/A       100%        2
 Call Canine Familiar     Summ           0%         N/A       100%        3
 Conjure Flame            Conj/Fire      0%         6-21      100%        3
 Gell's Gravitas          Tloc           0%         N/A       100%        3
 Ignite Poison            Fire/Tmut/Pois 0%         N/A       100%        3
 Lesser Beckoning         Tloc           0%         N/A       100%        3
 Spider Form              Tmut/Pois      0%         N/A       100%        3
 Stone Arrow              Conj/Erth      0%         3d7       100%        3
 Summon Guardian Golem    Hex/Summ       0%         N/A       100%        3
 Teleport Other           Tloc           0%         N/A       100%        3
 Tukima's Dance           Hex            0%         N/A       100%        3
 Anguish                  Hex/Necr       0%         N/A       100%        4
 Passage of Golubria      Tloc           0%         N/A       100%        4
 Sticky Flame             Conj/Fire      0%         2d3       100%        4
 Yara's Violent Unravell  Hex/Tmut       0%         3d3       100%        5


Dungeon Overview and Level Annotations

Branches:
Dungeon (10/15)            Temple (1/1) D:4            Lair (0/5) D:9
    Orc (0/2) D:9

Altars:
Ashenzari
Cheibriados
Dithmenos
Elyvilon
Fedhas
Gozag
Hepliaklqana
Kikubaaqudgha
Makhleb
Nemelex Xobeh
Okawaru
Qazlal
Ru
Sif Muna
Trog
Uskayaw
Vehumet
Wu Jian
Xom
Yredelemnul
Zin
The Shining One

Shops:
D:4 *   D:6 (


Innate Abilities, Weirdness & Mutations

You have a pair of horns on your head.
You reflexively headbutt those who attack you in melee.


Message History

The orc warrior barely misses your butterfly.
Something hits your butterfly.
Your butterfly dies!
Your butterfly disappears in a burst of colours!
There is an open door here.
You swap places.
You hear some strange, mumbled words.
You are confused.
The orc warrior throws a boomerang.
It was a potion of magic.
Magic courses through your body.
The orc warrior throws a boomerang.
You are too confused!
Are you sure you want to stumble around while confused and next to your butterfly?
Okay, then.
It was a potion of lignification.
You turn into a tree.
Your +0 cloak melds into your body.
Your +0 pair of boots melds into your body.
Your +0 plate armour melds into your body.
Your roots penetrate the ground.
It was a potion of cancellation.
Your magical effects are unravelling.
You feel magically purged.
You feel less wooden.
Your +0 cloak unmelds from your body.
Your +0 pair of boots unmelds from your body.
Your +0 plate armour unmelds from your body.
You feel less confused. Something hits you but does no damage.
You block something's attack.
It was a potion of haste.
You feel yourself speed up. Something completely misses you.
Something bites you but does no damage. You block the orc warrior's attack.
You miss something.
You hear some strange, mumbled words.
You are confused.
The orc warrior throws a boomerang.
You closely miss something. Your headbutt misses something.
You completely miss something.
Your shadow closely misses something.
The orc warrior hits you but does no damage.
Something draws life force from you!
You die...

#...........#
#...........#
#.....).....# ##)#
#..# #.## ##o#####
#......# #.@....#
#......#
#...b..#####
#..bb..'...########
#......###.........
#......# ##########
#...b..# # #......#
#......#


You could see an orc warrior (ally target).

Vanquished Creatures
  A centaur warrior (D:10)
  Pikel (D:6)
  Maurice (D:8)
  Maggie (D:6)
  Psyche (D:8)
  2 trolls
  Prince Ribbit (D:6)
  A shadow (D:9)
  A vampire (D:9)
  10 yaks
  2 wyverns (D:9)
  2 two-headed ogre zombies (D:9)
  A water moccasin (D:8)
  2 acid dragons
  3 orc warriors
  An ice beast (D:5)
  2 black bears
  An ogre (D:4)
  2 centaurs
  A lemure (D:6)
  3 phantoms
  A kobold brigand (D:6)
  4 bullfrogs
  A scorpion (D:6)
  26 wights
  3 troll zombies (D:9)
  3 killer bees (D:10)
  2 electric eels (D:7)
  3 hounds
  8 orc priests
  2 jellies
  A gnoll bouda (D:7)
  6 iguanas
  Natasha (thrice) (D:3)
  6 orc wizards
  Terence (D:3)
  3 ogre zombies (D:9)
  17 gnolls
  3 adders
  2 white imps (D:7)
  2 ufetubi (D:5)
  3 dart slugs
  24 orcs
  7 ball pythons
  5 bats
  11 endoplasms
  A giant cockroach (D:1)
  6 goblins
  5 hobgoblins
  4 jackals
  11 kobolds
  2 quokkas (D:1)
  3 frilled lizards
  3 goblin skeletons (D:9)
  4 goblin zombies (D:9)
  4 hobgoblin skeletons (D:9)
  3 hobgoblin zombies (D:9)
  2 orc skeletons (D:9)
  9 orc zombies (D:9)
  5 rats
249 creatures vanquished.

Notes
Turn   | Place    | Note
-------+----------+-------------------------------------------
     0 | D:1      | Iusername the Minotaur Fighter began the quest for the Orb.
     0 | D:1      | Reached XP level 1. HP: 19/19 MP: 0/0
   248 | D:1      | Reached XP level 2. HP: 27/27 MP: 1/1
  1016 | D:2      | Reached XP level 3. HP: 33/33 MP: 2/2
  1022 | D:2      | Reached skill level 3 in Axes
  1148 | D:2      | Found a basalt altar of Yredelemnul.
  1679 | D:3      | Noticed Natasha
  1690 | D:3      | Killed Natasha
  1691 | D:3      | Reached XP level 4. HP: 7/40 MP: 3/3
  1844 | D:3      | Noticed Natasha
  1882 | D:3      | Killed Natasha
  1883 | D:3      | Reached skill level 4 in Axes
  1979 | D:3      | Noticed Natasha
  1989 | D:3      | Killed Natasha
  1990 | D:3      | Reached XP level 5. HP: 24/47 MP: 4/4
  2348 | D:3      | Noticed Terence
  2357 | D:3      | Killed Terence
  2473 | D:3      | Reached skill level 5 in Armour
  2481 | D:3      | Reached skill level 5 in Axes
  3196 | D:4      | Reached XP level 6. HP: 49/55 MP: 5/5
  3318 | D:4      | Found a staircase to the Ecumenical Temple.
  3364 | Temple   | Entered the Ecumenical Temple
  3373 | Temple   | Became a worshipper of Dithmenos the Shadowed
  3452 | D:4      | Reached skill level 5 in Fighting
  3588 | D:4      | Found Lostak's Elemental Accessories.
  3740 | D:4      | Reached skill level 6 in Axes
  4494 | D:5      | Entered Level 5 of the Dungeon
  4935 | D:5      | Noticed an ice beast
  4944 | D:5      | Reached XP level 7. HP: 54/61 MP: 6/6
  5580 | D:5      | Reached skill level 7 in Axes
  5806 | D:5      | Found a sacrificial altar of Ru.
  5890 | D:5      | Found a white marble altar of Elyvilon.
  6157 | D:6      | Found Ystomili's Weapon Shoppe.
  6160 | D:6      | Noticed Prince Ribbit
  6172 | D:6      | Killed Prince Ribbit
  6173 | D:6      | Reached skill level 5 in Shields
  6323 | D:6      | Reached XP level 8. HP: 69/70 MP: 7/7
  6338 | D:6      | Reached skill level 8 in Axes
  6487 | D:6      | Noticed Pikel
  6501 | D:6      | Killed Pikel
  6502 | D:6      | Reached skill level 9 in Axes
  6655 | D:6      | Found a stormy altar of Qazlal.
  7123 | D:6      | Noticed Maggie
  7139 | D:6      | Killed Maggie
  7140 | D:6      | Reached skill level 10 in Axes
  7140 | D:6      | Reached XP level 9. HP: 38/79 MP: 8/8
  8661 | D:7      | Reached skill level 11 in Axes
  8774 | D:7      | Reached * piety under Dithmenos
 10479 | D:7      | Identified the +0 buckler "Xahes" {Str+3}
 11073 | D:7      | Found a burning altar of Makhleb.
 11073 | D:7      | Found an iron altar of Okawaru.
 11289 | D:8      | Noticed Psyche
 11297 | D:8      | Killed Psyche
 11298 | D:8      | Reached XP level 10. HP: 83/90 MP: 9/9
 11540 | D:8      | Noticed Maurice
 11562 | D:8      | Killed Maurice
 11563 | D:8      | Reached skill level 12 in Axes
 12534 | D:9      | Reached skill level 10 in Armour
 12713 | D:9      | Found a staircase to the Lair.
 12720 | D:9      | Reached ** piety under Dithmenos
 13143 | D:9      | Reached skill level 13 in Axes
 13217 | D:9      | Reached *** piety under Dithmenos
 13236 | D:9      | Reached skill level 1 in Dodging
 13400 | D:9      | Found a staircase to the Orcish Mines.
 13485 | D:9      | Reached skill level 10 in Fighting
 13918 | D:10     | Entered Level 10 of the Dungeon
 14161 | D:10     | Noticed a centaur warrior
 14172 | D:10     | Reached XP level 11. HP: 91/101 MP: 10/10
 14179 | D:10     | Reached **** piety under Dithmenos
 14213 | D:10     | Killed a centaur warrior
 14214 | D:10     | Reached skill level 14 in Axes
 14629 | D:10     | HP: 3/101 [orc warrior/+0 halberd (12)]
 14644 | D:10     | HP: 2/101 [something (7)]
 14658 | D:10     | Killed from afar by a vampire

Illustrated notes

Levels and vault maps discovered:
D:1:      dpeg_arrival_rhombi, layout_basic, serial_aquarium,
          aquarium_bridge_long_separate [aquarium_subvault_bridge,
          aquarium_subvault_wall, aquarium_subvault_bridge,
          aquarium_subvault_wall, aquarium_subvault_bridge,
          aquarium_subvault_bridge], aquarium_bridge_square
          [aquarium_subvault_window, aquarium_subvault_wall,
          aquarium_subvault_bridge, aquarium_subvault_balcony],
          aquarium_window_3, aquarium_window_fake, aquarium_view_2c,
          aquarium_balcony_3b, minmay_misc_feat_rows
D:2:      layout_basic, basic_altar
D:3:      layout_basic, small_statue_intersection, uniq_natasha, uniq_terence
D:4:      layout_loops_ring, minmay_temple_entry_proselytizer,
          nicolae_elemental_shop
D:5:      layout_basic, overflow_temple_1_default, amcnicky_altar_gilded
D:6:      layout_basic, mainiacjoe_overflow_surrounded_room, serial_shops,
          nicolae_shop_statue_plus, uniq_maggie, uniq_pikel, uniq_prince_ribbit1
D:7:      layout_basic, nicolae_overflow_hidden_temple, water_maze_lemuel
D:8:      layout_loops_ring, uniq_maurice, uniq_psyche
D:9:      layout_roguey, lair_entry_dummy, zombieorc2_lemuel
D:10:     layout_roguey
Temple:   sentei_temple_godly_chess

Skill      XL: |  1  2  3  4  5  6  7  8  9 10 11 |
---------------+----------------------------------+-----
Fighting       | 4 5 6 7 8 10 | 10.8
Armour         | 4 5 6 7 9 10 | 10.0
Axes           | 3 4 5 6 7 10 11 13 14 | 14.1
Shields        | 4 5 6 7 8 |  8.2
Dodging        | 1 |  1.0
Stealth        | |  0.9

Action                   |  1- 3 |  4- 6 |  7- 9 | 10-12 || total
-------------------------+-------+-------+-------+-------++-------
Melee: War axe           |    83 |   100 |   171 |       ||   354
       Headbutt          |    13 |    15 |    50 |    76 ||   154
       Hand axe          |       |       |    99 |   332 ||   431
Throw: Throwing net      |       |       |     1 |       ||     1
  Use: Scroll            |     2 |     7 |     4 |     7 ||    20
       Potion            |     1 |     1 |       |    12 ||    14
Armor: Plate armour      |    42 |    76 |   131 |   167 ||   416
Dodge: Dodged            |    22 |    20 |    49 |    74 ||   165
Block: Buckler           |    15 |    35 |    91 |    83 ||   224
       Reflection        |       |       |     1 |       ||     1
